AoeStats
← nathano1927

Arena

506786637Analyzed
1v1 RM · 18d ago on Sep 15, 2026· 28m 11s· 2 players
Game mode
Random Map
Map size
Tiny (2 player)
Population
200
Speed
Normal
Resources
Standard
Victory
Conquest
Starting age
Dark Age
Ending age
Imperial Age
RankedLock teamsTeams togetherTeam positionsShared explorationLock speedFull tech treeHidden civsTurbo modeCheats
Victory
Defeat
🇺🇸 Celts · United States
850
+22
🇭🇰 Japanese · Hong Kong SAR China
845
-40
Player88742975
11:35 Feudal Age
12:17 Horse Collar
12:24 Double-Bit Axe
17:43 Wheelbarrow
17:58 Gold Mining
21:17 Castle Age
19:37 Padded Archer Armor
19:48 Stone Mining
21:54 Pikeman
23:07 Scale Mail Armor
23:17 Forging
22:58 Fletching
22:54 Crossbowman
23:42 Squires
23:28 Arson
23:30 Treadmill Crane
24:47 Bow Saw
25:11 Gambesons
26:40 Gold Shaft Mining
26:35 Fortified Wall
27:47 Murder Holes
nathano1927
12:21 Feudal Age
12:50 Horse Collar
12:57 Double-Bit Axe
20:20 Castle Age
22:01 Forging
21:52 Scale Mail Armor
24:52 Chain Mail Armor
26:52 Iron Casting
Connection lost

Rejoining the realm…

Still unreachable

The connection could not be restored.

Session expired

The server has moved on; the page needs a fresh start.